 Dungeon Crawl Stone Soup version 0.26.1-11-gd32895ea62 (webtiles) character file.

Game seed: 5040691047920912609

95 Bergy the Cudgeller (level 4, -4/28 HPs)
             Began as a Gargoyle Fighter on July 16, 2021.
             Killed by divine providence
             ... invoked by an orc priest
              (13 damage)
             ... on level 3 of the Dungeon.
             The game lasted 00:06:36 (1537 turns).

Bergy the Cudgeller (Gargoyle Fighter)              Turns: 1537, Time: 00:06:36

Health: -4/28      AC: 10    Str: 21    XL:     4   Next: 65%
Magic:  4/4        EV:  7    Int:  8    God:
Gold:   84         SH:  9    Dex:  9    Spells: 3/3 levels left

rFire    . . .     SeeInvis .   a - +0 flail
rCold    . . .     Faith    .   c - +0 kite shield
rNeg     + . .     Spirit   .   b - +0 scale mail
rPois    ∞         Reflect  .   (no helmet)
rElec    +         Harm     .   (no cloak)
rCorr    .         Rampage  .   (no gloves)
Will     .....                  (no boots)
Stlth    ..........             (no amulet)
HPRegen  0.09/turn              (no ring)
MPRegen  0.09/turn              (no ring)

@: no status effects
A: negative energy resistance 1, electricity resistance, unbreathing,
petrification resistance, miasma immunity, AC +3
a: no special abilities


You were on level 3 of the Dungeon.
You visited 1 branch of the dungeon, and saw 3 of its levels.

You collected 84 gold pieces.

Inventory:

Hand Weapons
 a - a +0 flail (weapon)
Armour
 b - a +0 scale mail (worn)
 c - a +0 kite shield (worn)
Jewellery
 k - an uncursed ring of resist corrosion {unknown}
Wands
 j - a wand of flame (14)
Scrolls
 h - a scroll of enchant weapon {unknown}
 m - a scroll of noise {unknown}
 n - a scroll of teleportation {unknown}
 o - a scroll of immolation {unknown}
 p - a scroll of fog {unknown}
Potions
 d - 3 potions of might
 e - a potion of haste {unknown}
 f - a potion of berserk rage {unknown}
 g - a potion of cancellation {unknown}
 i - a potion of attraction {unknown}
 l - a potion of invisibility {unknown}


   Skills:
 - Level 3.2 Fighting
 * Level 4.7 Maces & Flails
 - Level 3.2 Armour
 - Level 3.2 Shields


You had 3 spell levels left.
You didn't know any spells.
Your spell library was empty.

Dungeon Overview and Level Annotations

Branches:
Dungeon (3/15)

Altars:
Yredelemnul

Annotations:
D:2 1 runed translucent door


Innate Abilities, Weirdness & Mutations

You are resistant to torment.
Your stone body is resilient. (AC +3)
You are immune to poison.
You resist negative energy. (rN+)
You are resistant to electric shocks. (rElec)
You can survive without breathing.
You are immune to petrification.
You are immune to miasma.


Message History

The orc priest hits you but does no damage.
You hit the orc.
The orc is lightly wounded.
You block the orc's attack.
Your shield prevents you from hitting the orc.
The orc is lightly wounded.
The orc priest miscasts a cantrip.
The orc hits you.
You hit the orc but do no damage.
The orc is lightly wounded.
The orc priest invokes the aid of Beogh against you.
Beogh smites you!
Ouch! That really hurt!
The orc barely misses you.
You hear a shout!
You barely miss the orc.
The orc is lightly wounded.
The orc priest mumbles some strange prayers to Beogh against you.
Beogh smites you!
You die...

...# #..###
.....# ...#.#
#o##.# #o##.#
#o##.# #@##.#
#....# ####.#
#.## #†.# #..#
######## #..#
......## #..#
#.#...#####..#


You could see an orc priest and 2 orcs.

Vanquished Creatures
  A human skeleton (D:2)
  2 adders
  An ooze (D:2)
  A dart slug (D:1)
  A leopard gecko (D:2)
  A giant cockroach (D:2)
  6 goblins
  3 hobgoblins
  6 jackals
  3 kobolds (D:1)
  3 ball pythons
  5 bats (D:1)
  3 frilled lizards
  7 rats
43 creatures vanquished.

Notes
Turn   | Place    | Note
-------+----------+-------------------------------------------
     0 | D:1      | Bergy the Gargoyle Fighter began the quest for the Orb.
     0 | D:1      | Reached XP level 1. HP: 14/14 MP: 1/1
   140 | D:1      | Reached XP level 2. HP: 19/19 MP: 2/2
   190 | D:1      | Reached skill level 3 in Maces & Flails
   301 | D:1      | Reached XP level 3. HP: 20/23 MP: 3/3
   941 | D:2      | Found a runed translucent door.
   941 | D:2      | Noticed a human
   956 | D:2      | Reached skill level 4 in Maces & Flails
   956 | D:2      | Reached XP level 4. HP: 25/28 MP: 4/4
   957 | D:2      | Found a basalt altar of Yredelemnul.
  1537 | D:3      | Killed from afar by an orc priest

Illustrated notes

Levels and vault maps discovered:
D:1:      sevenhm_arrival_forest_fort_large_1, layout_basic,
          chequers_mini_garden, minmay_tetromino_o4
D:2:      layout_loops_ring, dk_yredelemnul_ordeal
D:3:      layout_loops_ring, uniq_terence

Skill      XL: |  1  2  3 |
---------------+----------+-----
Maces & Flails | 3 4 |  4.7
Fighting       | |  3.2
Armour         | |  3.2
Shields        | |  3.2

Action                   |  1- 3 |  4- 6 || total
-------------------------+-------+-------++-------
Melee: Flail             |   116 |    42 ||   158
Armor: Scale mail        |    67 |    15 ||    82
Dodge: Dodged            |    35 |    14 ||    49
Block: Kite shield       |    61 |    18 ||    79
